 Dungeon Sprint DCSS version 0.23-a0-650-ga4d50d4 (webtiles) character file.

5023 Leeroy the Fencer (level 10, -24/63 HPs)
             Began as a Barachi Ice Elementalist on Jan 3, 2019.
             Was the Champion of Qazlal.
             Killed from afar by a frost giant (26 damage)
             ... with a bolt of cold
             ... in the Dungeon (Sprint V: "Ziggurat Sprint").
             The game lasted 00:24:50 (1319 turns).

Leeroy the Fencer (Barachi Ice Elementalist)        Turns: 1319, Time: 00:24:51

Health: -24/63     AC: 17    Str: 15    XL:     10   Next: 55%
Magic:  13/13      EV: 13    Int: 27    God:    Qazlal [******]
Gold:   0          SH: 11    Dex:  8    Spells: 1/13 levels left

rFire    + + +     SeeInvis .   K - +9 sword of Zonguldrok {reap}
rCold    . . .     Gourm    .   (no shield)
rNeg     . . .     Faith    .   O - +5 fire dragon scales
rPois    .         Spirit   .   (no helmet)
rElec    +         Reflect  +   a - +1 cloak of Starlight {rElec rC+ EV+4 Stlth--}
rCorr    .         Harm     .   (no gloves)
MR       .....     NoTele   +   S - +1 pair of boots of Love and Death {rElec Str+3 Int+3 Dex-5}
Stlth    ..........             z - +3 amulet of reflection
HPRegen  0.20/turn              V - ring "Tiureki" {rF+ Str+2}
MPRegen  0.13/turn              w - +6 ring of intelligence

@: repel missiles, slow
A: +LOS, swims, slowness 1, strong legs 1
a: Hop, Upheaval, Elemental Force, Disaster Area, Renounce Religion


You were in the Dungeon.
You worshipped Qazlal.
Qazlal was exalted by your worship.
You were not hungry.

You visited 1 branch

Inventory:

Hand Weapons
 y - the +8 scimitar of Descent {freeze, +Rage rC+ MR+ SInv}
   (You found it in the Dungeon)

   It has been specially enchanted to freeze those struck by it, causing extra
   injury to most foes and up to half again as much damage against particularly
   susceptible opponents.
   It can also slow down cold-blooded creatures.
   It protects you from cold.
   It affects your resistance to hostile enchantments.
   It lets you see invisible.
   It lets you go berserk.
 B - the +2 shortbow of Moral Flaws {flame, Dex+2}
   (You took it off an iron imp in the Dungeon)

   It causes projectiles fired from it to burn those they strike, causing extra
   injury to most foes and up to half again as much damage against particularly
   susceptible opponents.
   It affects your dexterity (+2).
 H - the +7 Singing Sword {slice, sonic wave}
   (You found it in the Dungeon)

   It inflicts extra damage upon your enemies.
 I - the +7 longbow "Piercer" {penet, EV-2}
   (You found it in the Dungeon)

   Ammo fired by it will pass through the targets it hits, potentially hitting
   all targets in its path until it reaches maximum range.
   It affects your evasion (-2).
 J - the +11 plutonium sword {*Contam Stlth-}
   (You found it in the Dungeon)

   It causes magical contamination when unequipped.
   It makes you less stealthy.
 K - the +9 sword of Zonguldrok (weapon) {reap}
   (You found it in the Dungeon)

   If a monster killed with it leaves a corpse in good enough shape, the corpse
   will be animated as a zombie friendly to the killer.
 L - the +7 great mace "Firestarter" {inner flame, rF++}
   (You found it in the Dungeon)

   It has been specially enchanted to burn those struck by it, causing extra
   injury to most foes and up to half again as much damage against particularly
   susceptible opponents.
   It greatly protects you from fire.
 M - the +6 spear of Leeroy's Terror {distort, rC+ MR+ Int+2}
   (You took it off an iron imp in the Dungeon)

   It warps and distorts space around it.
   Unwielding it can cause banishment or high damage.
   It affects your intelligence (+2).
   It protects you from cold.
   It affects your resistance to hostile enchantments.
 N - a +5 triple sword
 T - a +6 rapier of holy wrath
 X - a +2 demon blade of electrocution
Armour
 a - the +1 cloak of Starlight (worn) {rElec rC+ EV+4 Stlth--}
   (You found it in the Dungeon)

   It affects your evasion (+4).
   It protects you from cold.
   It insulates you from electricity.
   It makes you much less stealthy.
 O - +5 fire dragon scales (worn)
 P - +5 ice dragon scales
 Q - the +15 Maxwell's patent armour {-Cast -Tele rElec MR+ rCorr}
   (You found it in the Dungeon)

   It insulates you from electricity.
   It affects your resistance to hostile enchantments.
   It prevents spellcasting.
   It prevents most forms of teleportation.
   It provides partial protection from all sources of acid and corrosion.
 R - the +18 shield of the Gong {rElec rN+ MR+ EV-5}
   (You found it in the Dungeon)

   It affects your evasion (-5).
   It insulates you from electricity.
   It protects you from negative energy.
   It affects your resistance to hostile enchantments.
 S - the +1 pair of boots of Love and Death (worn) {rElec Str+3 Int+3 Dex-5}
   (You found it in the Dungeon)

   It affects your strength (+3).
   It affects your intelligence (+3).
   It affects your dexterity (-5).
   It insulates you from electricity.
Magical Staves
 W - an uncursed staff of air
 Y - an uncursed staff of earth
Jewellery
 l - an uncursed ring of protection from cold
 u - a +6 ring of dexterity
 w - a +6 ring of intelligence (right hand)
 x - a +6 ring of intelligence
 z - a +3 amulet of reflection (around neck)
 A - an uncursed ring of flight
 V - the ring "Tiureki" (left hand) {rF+ Str+2}
   (You found it in the Dungeon)

   [ring of strength]

   It affects your strength (+2).
   It protects you from fire.
Wands
 D - a wand of disintegration (7)
 E - a wand of iceblast (6)
 F - a wand of acid (7)
Scrolls
 i - 3 scrolls of blinking
 o - 4 scrolls of amnesia
 p - 6 scrolls of fog
 q - a scroll of holy word
 r - 5 scrolls of identify
 s - 5 scrolls of remove curse
 t - 2 scrolls of fear
Potions
 b - 2 potions of brilliance
 d - 10 potions of curing
 e - 12 potions of heal wounds
 f - 6 potions of haste
 g - 7 potions of magic
 h - 3 potions of berserk rage
 j - 2 potions of invisibility
 k - 4 potions of resistance
 m - 5 potions of agility
 n - 7 potions of might
Miscellaneous
 v - a lamp of fire
 C - a crystal ball of energy
 G - a lightning rod (4/4)
 U - 3 phantom mirrors
 Z - 3 boxes of beasts
Comestibles
 c - 8 rations (quivered)


   Skills:
 + Level 16.9 Long Blades
 - Level 2.1 Dodging
 - Level 1.7 Stealth
 - Level 2.1 Spellcasting
 * Level 8.0 Conjurations
 - Level 8.5 Summonings
 - Level 14.8 Ice Magic
 * Level 5.6 Earth Magic
 - Level 5.1 Invocations
 - Level 3.1 Evocations


You had one spell level left.
You knew the following spells:

 Your Spells              Type           Power        Failure   Level  Hunger
a - Freeze                Ice            ####         1%          1    None
b - Throw Icicle          Conj/Ice       ######..     4%          4    ####...
c - Summon Ice Beast      Ice/Summ       ######..     4%          4    ####...
d - Stone Arrow           Conj/Erth      #####.       10%         3    ###....

Your spell library contained the following spells:

 Spells                   Type           Power        Failure   Level  Hunger
 Sandblast                Erth           ####..       5%          1    None
 Animate Skeleton         Necr           N/A          47%         1    None
 Confusing Touch          Hex            #.....       47%         1    None
 Throw Frost              Conj/Ice       ######       1%          2    ##.....
 Ozocubu's Armour         Chrm/Ice       #####...     8%          3    ###....
 Conjure Flame            Conj/Fire      ###.....     30%         3    ###....
 Static Discharge         Conj/Air       ###.....     30%         3    ###....
 Mephitic Cloud           Conj/Pois/Air  ###.....     47%         3    ###....
 Metabolic Englaciation   Hex/Ice        #####.....   56%         5    ######.
 Poisonous Vapours        Pois/Air       #.....       63%         2    ##.....
 Sticks to Snakes         Tmut           #.......     63%         2    ##.....
 Confuse                  Hex            #.......     85%         3    ###....
 Gell's Gravitas          Tloc           #.........   85%         3    ###....
 Leda's Liquefaction      Hex/Erth       ###.......   86%         4    ####...
 Petrify                  Tmut/Erth      ###.....     86%         4    ####...
 Irradiate                Conj/Tmut      ###.......   96%         5    ######.
 Lightning Bolt           Conj/Air       ###.......   96%         5    ######.
 Freezing Cloud           Conj/Ice/Air   #####.....   98%         6    #######
 Agony                    Necr           #.......     100%        5    ######.
 Yara's Violent Unravell  Hex/Tmut       #.........   100%        5    ######.
 Death Channel            Necr           #.........   100%        6    #######
 Dragon Form              Tmut           #.........   100%        7    #######
 Ring of Flames           Chrm/Fire      #.........   100%        7    #######
 Ignition                 Fire           #.........   100%        8    #######
 Shatter                  Erth           ####......   100%        9    #######
 Tornado                  Air            #.........   100%        9    #######


Dungeon Overview and Level Annotations

Branches:
Dungeon (1/1)

Altars:
Ashenzari
Cheibriados
Dithmenos
Elyvilon
Fedhas
Gozag
Hepliaklqana
Kikubaaqudgha
Makhleb
Nemelex Xobeh
Okawaru
Qazlal
Ru
Sif Muna
Trog
Uskayaw
Vehumet
Wu Jian
Xom
Yredelemnul
Zin
The Shining One
Beogh
Jiyva
Lugonu


Innate Abilities, Weirdness & Mutations

Shadows flee at your approach. (+LOS)
You can swim through water.
You cover ground slowly.
You can hop short distances.


Message History

The blizzard demon gestures at you.
The bolt of lightning hits the blizzard demon.
The blizzard demon completely resists.
The bolt of lightning hits the white imp.
The white imp dies!
Keep disrobing? [Y]es or [N]o only, please.
Keep disrobing?
The bolt of lightning hits you! You resist. The bolt of lightning misses you.
You start removing your armour.
You continue taking off your +5 fire dragon scales.
The blizzard demon gestures at you. The bolt of cold hits you!
The blizzard demon waves its arms in wide circles.
The air twists around and strikes you!
* * * LOW HITPOINT WARNING * * *
You continue taking off your +5 fire dragon scales.
The frost giant gestures at you while chanting.
The bolt of cold hits you!
You die...

▓..})[|[..▓..).=|)..▓
▓..|).D[..▓..).)))..▓
▓....Z....▓.........▓
▓...22....▓.........▓
▓.........▓..)).....▓
▓....2§C..▓....)†...▓
▓...§Z2.°.▓.▓.....▓.▓
▓.▓§§§§.▓.▓....©....▓
▓..§.§@§..▓▓▓▓▓▓▓▓▓▓▓
▓▓▓▓▓▓▓▓▓▓▓


You could see a frost giant, a blizzard demon and a giant cockroach simulacrum.

Vanquished Creatures
  A two-headed ogre (D)
  A sixfirhy (D)
  2 black mambas (D)
  An ancient zyme (D)
  2 large abominations (D)
  A naga (D)
  2 water moccasins (D)
  A hell hound (D)
  A floating eye (D)
  An ogre (D)
  A phantom (D)
  2 wolves (D)
  A bullfrog (D)
  2 small abominations (D)
  A wight (D)
  2 quasits (D)
  2 crimson imps (D)
  2 jellies (D)
  5 iron imps (D)
  4 river rats (D)
  2 shadow imps (D)
  A white imp (D)
  An ufetubus (D)
  An adder zombie (D)
  A bat skeleton (D)
  2 bat zombies (D)
  2 jackals (D)
  2 ball pythons (D)
  A giant cockroach zombie (D)
  2 jackal skeletons (D)
  A leopard gecko skeleton (D)
  A quokka skeleton (D)
52 creatures vanquished.

Vanquished Creatures (collateral kills)
  2 nagas (D)
2 creatures vanquished.

Vanquished Creatures (others)
  A spatial maelstrom (D)
  A white imp (D)
2 creatures vanquished.

Grand Total: 56 creatures vanquished

Notes
Turn   | Place    | Note
-------+----------+-------------------------------------------
     0 | D        | Found the +6 Majin-Bo {vamp, Archmagi MP+6 Int+6}
     0 | D        | Found the +7 great mace "Firestarter" {inner flame, rF++}
     0 | D        | Leeroy the Barachi Ice Elementalist began the quest for the
                  | Orb.
     0 | D        | Reached XP level 1. HP: 13/13 MP: 3/3
     0 | D        | Found a transporter.
     0 | D        | Found an ancient bone altar of Kikubaaqudgha.
     0 | D        | Found a viscous altar of Jiyva.
     0 | D        | Found a corrupted altar of Lugonu.
     0 | D        | Found a hazy altar of Hepliaklqana.
     0 | D        | Found a burning altar of Makhleb.
     0 | D        | Found an opulent altar of Gozag.
    15 | D        | Banished a spatial maelstrom
    23 | D        | Found the +9 heavy crossbow "Sniper" {velocity, Acc+∞ SInv}
    23 | D        | Found the +10 dark maul {crush}
    23 | D        | Found the +15 Maxwell's patent armour {-Cast -Tele rElec
                  | MR+ rCorr}
    23 | D        | Found the +18 shield of the Gong {rElec rN+ MR+ EV-5}
    23 | D        | Found the cursed +14 obsidian axe {chop, +Fly SInv *Curse}
    31 | D        | Found the +6 shillelagh "Devastator" {shatter}
    31 | D        | Found the +11 plutonium sword {*Contam Stlth-}
    31 | D        | Found the +8 lance "Wyrmbane" {slay drac, rPois rF+ rC+
                  | AC+3}
    31 | D        | Found the +9 sword of Zonguldrok {reap}
    31 | D        | Found the cursed +13 scythe of Curses {drain, *Curse}
    31 | D        | Found the +0 sword of Power
    31 | D        | Found the +7 mace of Variability {chain chaos}
    31 | D        | Found the +7 Singing Sword {slice, sonic wave}
    31 | D        | Found the +7 longbow "Piercer" {penet, EV-2}
    76 | D        | Became a worshipper of Qazlal Stormbringer
   119 | D        | Entered arena 2.
   119 | D        | Noticed a two-headed ogre
   119 | D        | Noticed an ogre
   119 | D        | Found a transporter.
   124 | D        | Killed a two-headed ogre
   124 | D        | Reached skill level 9 in Long Blades
   124 | D        | Reached XP level 2. HP: 19/19 MP: 5/5
   124 | D        | Reached XP level 3. HP: 24/24 MP: 6/6
   124 | D        | Reached XP level 4. HP: 30/30 MP: 7/7
   124 | D        | Reached XP level 5. HP: 35/35 MP: 8/8
   124 | D        | Reached XP level 6. HP: 41/41 MP: 9/9
   124 | D        | Reached XP level 7. HP: 46/46 MP: 10/10
   125 | D        | Reached skill level 10 in Long Blades
   139 | D        | Learned a level 4 spell: Throw Icicle
   144 | D        | Learned a level 4 spell: Summon Ice Beast
   250 | D        | Entered arena 3.
   250 | D        | Found a transporter.
   254 | D        | Paralysed by a floating eye for 4 turns
   258 | D        | Reached * piety under Qazlal
   258 | D        | Reached skill level 11 in Long Blades
   262 | D        | Reached XP level 8. HP: 52/52 MP: 11/11
   266 | D        | Got the ring "Tiureki" {rF+ Str+2}
   275 | D        | Entered arena 4.
   275 | D        | Found a transporter.
   279 | D        | Reached ** piety under Qazlal
   290 | D        | Got the +4 quarterstaff of the Unliving {freeze, rElec
                  | Dex+6}
   327 | D        | Entered arena 5.
   327 | D        | Found a transporter.
   328 | D        | Found the +1 cloak of Starlight {rElec rC+ EV+4 Stlth--}
   330 | D        | Reached *** piety under Qazlal
   336 | D        | Reached skill level 12 in Long Blades
   372 | D        | Entered arena 6.
   372 | D        | Found a transporter.
   377 | D        | Reached **** piety under Qazlal
   402 | D        | Got the cursed +0 quarterstaff of Ynoal {crush, rPois rF+
                  | Str+3}
   409 | D        | Entered arena 7.
   409 | D        | Found a transporter.
   415 | D        | Reached ***** piety under Qazlal
   417 | D        | Reached skill level 13 in Long Blades
   428 | D        | Got Leeqag's Volume of Transmutation
   466 | D        | Got the +2 robe of the Empire {rCorr Str+4 Dex-2}
   473 | D        | Got the +1 pair of boots of Love and Death {rElec Str+3
                  | Int+3 Dex-5}
   511 | D        | Reached XP level 9. HP: 57/57 MP: 12/12
   524 | D        | Got the +7 flail "Somnai" {holy, rC+ Int+6}
   534 | D        | Entered arena 8.
   534 | D        | Found a transporter.
   540 | D        | Reached skill level 5 in Invocations
   545 | D        | Reached ****** piety under Qazlal
   550 | D        | Got Newiq Gugo's Reference Book on Stones and Stolen Souls
   566 | D        | Entered arena 9.
   566 | D        | Noticed an ancient zyme
   566 | D        | Found a transporter.
   567 | D        | Identified the +2 shortbow of Moral Flaws {flame, Dex+2}
   567 | D        | Identified the +6 spear of Leeroy's Terror {distort, rC+
                  | MR+ Int+2}
   576 | D        | Killed an ancient zyme
   576 | D        | Reached skill level 14 in Long Blades
   881 | D        | Learned a level 3 spell: Stone Arrow
   881 | D        | Entered arena 10.
   881 | D        | Noticed a sixfirhy
   881 | D        | Found a transporter.
   887 | D        | Reached skill level 1 in Earth Magic
   889 | D        | Killed a sixfirhy
   889 | D        | Reached skill level 15 in Long Blades
   889 | D        | Reached XP level 10. HP: 54/63 MP: 0/13
  1145 | D        | Entered arena 11.
  1145 | D        | Noticed a black mamba
  1145 | D        | Noticed a black mamba
  1145 | D        | Found a transporter.
  1150 | D        | Killed a black mamba
  1150 | D        | Reached skill level 16 in Long Blades
  1155 | D        | Killed a black mamba
  1155 | D        | Reached skill level 5 in Earth Magic
  1183 | D        | Got the +8 scimitar of Descent {freeze, +Rage rC+ MR+ SInv}
  1314 | D        | Entered arena 12.
  1314 | D        | Noticed a blizzard demon
  1314 | D        | Noticed a blizzard demon
  1314 | D        | Noticed an ice dragon
  1314 | D        | Noticed a frost giant
  1314 | D        | Noticed a blizzard demon
  1314 | D        | Noticed a blizzard demon
  1318 | D        | HP: 2/63 [blizzard demon/the air (24)]
  1319 | D        | Killed from afar by a frost giant

Vault maps used:
D:        sprint_v

Skill      XL: |  1  2  3  4  5  6  7  8  9 10 |
---------------+-------------------------------+-----
Long Blades    | 9 11 13 15 16 | 16.9
Ice Magic      | 14 | 14.8
Evocations     | 3 |  3.1
Invocations    | 4 5 |  5.1
Conjurations   | 3 6 8 |  8.0
Summonings     | 8 |  8.5
Earth Magic    | 3 5 |  5.6
Dodging        | |  2.1
Stealth        | |  1.7
Spellcasting   | |  2.1

Action                   |  1- 3 |  4- 6 |  7- 9 | 10-12 || total
-------------------------+-------+-------+-------+-------++-------
Melee: Double sword      |       |       |    57 |    19 ||    76
       Quick blade       |       |       |     1 |       ||     1
       Rapier            |       |       |    29 |       ||    29
       Triple sword      |       |       |     4 |     3 ||     7
 Cast: Summon Ice Beast  |       |       |     3 |     2 ||     5
 Abil: Hop               |     1 |       |       |     1 ||     2
Evoke: Lightning rod     |     2 |       |     1 |       ||     3
       Wand              |     1 |       |       |       ||     1
       Crystal ball of e |       |       |       |     1 ||     1
  Use: Potion            |       |       |     1 |     2 ||     3
       Scroll            |       |       |       |     2 ||     2
  Eat: Ration            |       |       |       |     1 ||     1
Armor: Plate armour      |       |       |    68 |       ||    68
       Fire dragon scale |       |       |     2 |     3 ||     5
Dodge: Dodged            |       |       |    15 |    24 ||    39
Block: Shield            |       |       |   177 |       ||   177
       Other             |       |       |     8 |    14 ||    22
       Reflection        |       |       |       |     1 ||     1
       Rpst.: Triple sword |       |       |     2 |     1 ||     3
       Double sword      |       |       |       |     7 ||     7

Table legend:
 A = Non-vault XP
 B = Vault XP
 C = Vault XP percentage of total XP
 D = Non-vault monster count
 E = Vault monster count
 F = Vault count percentage of total count
                 A         B        C        D         E       F
            +---------+---------+-------+---------+---------+-------
      Total |       0 |    5332 | 100.0 |       0 |      54 | 100.0
            +---------+---------+-------+---------+---------+-------
          D |       0 |    5332 | 100.0 |       0 |      54 | 100.0
            +---------+---------+-------+---------+---------+-------
